 Dungeon Crawl Stone Soup version 0.32-a0-599-gba8f9cf90e (webtiles) character file.

Game seed: 10397280940007264862

170 PriceMaster the Grave Robber (level 5, -2/35 HPs)
             Began as a Demonspawn Necromancer on Mar 3, 2024.
             Was an Initiate of Makhleb.
             Slain by an ogre
             ... wielding a +0 giant club
              (28 damage)
             ... on level 4 of the Dungeon.
             The game lasted 00:04:41 (3682 turns).

PriceMaster the Grave Robber (DsNe)                 Turns: 3682, Time: 00:04:41

Health: -2/35      AC:  5    Str:  8    XL:     5   Next: 26%
Magic:  5/10       EV: 12    Int: 18    God:    Makhleb [......]
Gold:   269        SH:  0    Dex: 13    Spells: 0/11 levels left

rFire   x . .        j - +1 dagger (venom)
rCold   + . .        n - orb {mayhem}
rNeg    + . .        a - +0 robe
rPois   .            (no helmet)
rElec   .            (no cloak)
rCorr   .            (no gloves)
SInv    .            k - +0 pair of boots
Will    .....        (no amulet)
Stlth   ++           e - ring of ice
HPRegen 0.25/turn    h - ring of positive energy
MPRegen 0.12/turn

%: mayhem
@: animating dead
A: hooves 1, yellow scales 1
a: Renounce Religion


You were on level 4 of the Dungeon.
You worshipped Makhleb.
Makhleb was noncommittal.
You visited 1 branch of the dungeon, and saw 4 of its levels.

You collected 269 gold pieces.

Inventory:

Hand Weapons
 g - a +0 dagger
 j - a +1 dagger of venom (weapon)
Missiles
 r - a throwing net
Armour
 a - a +0 robe (worn)
 k - a +0 pair of boots (worn)
 n - an orb of mayhem (worn)
Magical Staves
 f - a staff of alchemy
Jewellery
 e - a ring of ice (left hand)
 h - a ring of positive energy (right hand)
Scrolls
 c - a scroll of brand weapon {unknown}
 d - 3 scrolls of noise {unknown}
 i - a scroll of vulnerability {unknown}
 l - a scroll of teleportation {unknown}
 m - 2 scrolls of identify {unknown}
 o - a scroll of blinking {unknown}
 q - a scroll of poison {unknown}
Potions
 b - a potion of magic
 p - a potion of curing {unknown}
 s - 2 potions of mutation {unknown}


   Skills:
 + Level 0.1 Fighting
 + Level 0.2 Short Blades
 + Level 2.0 Dodging
 + Level 2.0 Stealth
 + Level 3.5 Spellcasting
 + Level 0.1 Hexes
 + Level 5.9 Necromancy
 + Level 0.1 Fire Magic


You couldn't memorise any spells.
You knew the following spells:

 Your Spells              Type           Power      Damage    Failure   Level
a - Necrotise             Necr           96%        1d8       1%          1
b - Inner Flame           Hex/Fire       3%         N/A       41%         3
c - Animate Dead          Necr           24%        N/A       14%         4
d - Vampiric Draining     Necr           24%        2d7       4%          3

Your spell library contained the following spells:

 Spells                   Type           Power      Damage    Failure   Level
 Magic Dart               Conj           12%        1d3       16%         1
 Blink                    Tloc           6%         N/A       24%         2
 Call Imp                 Summ           6%         N/A       24%         2
 Curse of Agony           Necr           24%        N/A       36%         5
 Irradiate                Conj/Alch      1%         3d12      99%         5
 Ignition                 Fire           1%         3d3       100%        8


Dungeon Overview and Level Annotations

Branches:
Dungeon (4/15)
 Temple: D:4-7

Altars:
Gozag
Makhleb
Wu Jian


Innate Abilities, Weirdness & Mutations

You have large cloven feet.
You are partially covered in yellow scales. (AC +2)


Message History

Press: ? - help, Shift-Dir - straight line, f - ogre
Aim: an ogre, wielding a +0 giant club (chance to affect: 83%)
Okay, then.
Casting: Necrotise (safe; 1% risk of failure)
Confirm with . or Enter, or press ? or * to list all spells.
Aiming: Inner Flame (quite dangerous; 41% risk of failure)
Press: ? - help, Dir - move target, f - ogre
Aim: an ogre, wielding a +0 giant club (chance to affect: 43%)
Okay, then.
Casting: Inner Flame (quite dangerous; 41% risk of failure)
Confirm with . or Enter, or press ? or * to list all spells.
Aiming: Inner Flame (quite dangerous; 41% risk of failure)
Press: ? - help, Dir - move target, f - ogre
Aim: an ogre, wielding a +0 giant club (chance to affect: 43%)
The ogre is filled with an inner flame.
The ogre attacks as it pursues you! The ogre completely misses you.
Found a maw talisman.
Found a short sword.
Casting: Inner Flame (quite dangerous; 41% risk of failure)
Confirm with . or Enter, or press ? or * to list all spells.
You call upon the dead to rise.
The ogre attacks as it pursues you! The ogre completely misses you.
Casting: Animate Dead (quite dangerous; 14% risk of failure)
Confirm with . or Enter, or press ? or * to list all spells.
Aiming: Necrotise (safe; 1% risk of failure)
Press: ? - help, Shift-Dir - straight line, f/p - ogre
Aim: an ogre, wielding a +0 giant club (inner flame, chance to affect: 83%)
The ogre writhes in agony.
Flame seeps out of the ogre.
The ogre is engulfed in blazing flames.
Flame seeps out of the ogre.
Unknown command.
The ogre attacks as it pursues you! The ogre barely misses you.
A goblin comes into view. It is wielding a +0 club.
The ogre attacks as it pursues you! The ogre hits you with a +0 giant club!
The goblin shouts!
You hear a bark!
The ogre attacks as it pursues you! The ogre barely misses you.
A hound comes into view.
The ogre attacks as it pursues you!
The ogre hits you with a +0 giant club!!
Ouch! That really hurt!
You die...

...###.......##
.................+
.....###.......##
....###.......#
.............##
...............
##..###........
##............#
.####..@.......%.##
.......O.##.).#....
..g...........##.##
.h.......##........
....###.....#.##.#.
...................
###..##.#####.#....
... #.# .##### #
..# #


You could see an ogre (inner flame), a hound and a goblin.

Vanquished Creatures
  A bombardier beetle (D:3)
  An orc wizard (D:3)
  6 adders (D:3)
  A ribbon worm (D:2)
  2 orcs (D:3)
  9 ball pythons
  2 endoplasms
  A giant cockroach (D:3)
  10 goblins
  2 hobgoblins (D:1)
  2 jackals (D:2)
  5 kobolds
  4 bats
  2 frilled lizards (D:3)
  2 rats
50 creatures vanquished.

Vanquished Creatures (collateral kills)
  2 orcs (D:3)
  A jackal (D:2)
  A rat (D:1)
4 creatures vanquished.

Grand Total: 54 creatures vanquished

Notes
Turn   | Place    | Note
-------+----------+-------------------------------------------
     0 | D:1      | PriceMaster the Demonspawn Necromancer began the quest for
                  | the Orb.
     0 | D:1      | Reached XP level 1. HP: 13/13 MP: 3/3
   368 | D:1      | Gained mutation: You have large cloven feet. [demonic
                  | ancestry]
   368 | D:1      | Reached XP level 2. HP: 19/19 MP: 0/5
   942 | D:1      | Reached skill level 5 in Necromancy
  1473 | D:2      | Gained mutation: You are partially covered in yellow
                  | scales. (AC +2) [demonic ancestry]
  1473 | D:2      | Reached XP level 3. HP: 20/24 MP: 0/6
  2242 | D:2      | Learned a level 3 spell: Inner Flame
  2573 | D:3      | Reached XP level 4. HP: 30/30 MP: 0/8
  2760 | D:3      | Found a faded altar of an unknown god.
  2843 | D:3      | Found an ornate altar of the Wu Jian Council.
  2890 | D:3      | Reached XP level 5. HP: 35/35 MP: 1/10
  3230 | D:3      | Learned a level 4 spell: Animate Dead
  3234 | D:3      | Learned a level 3 spell: Vampiric Draining
  3338 | D:3      | Found a burning altar of Makhleb.
  3340 | D:3      | Found an opulent altar of Gozag.
  3547 | D:3      | Became a worshipper of Makhleb the Destroyer
  3646 | D:4      | Noticed an ogre
  3682 | D:4      | Slain by an ogre

Illustrated notes

Levels and vault maps discovered:
D:1:      lemuel_arrival_broad_hall, layout_rooms, serial_co_window_serial,
          co_window_paths_b, co_window_paths_a, co_window_corner_a,
          co_window_corner_a, co_window_corner_a, co_window_paths_b,
          co_window_paths_a, co_window_broadway_b, co_window_of_opportunity_b,
          co_window_broadway_b, co_window_of_opportunity_c, glass_columns_a,
          glass_columns_b, glass_columns_b
D:2:      layout_loops_corners, minmay_misc_feat_chi
D:3:      kennysheep_six_static_rooms, layout_loops_cross,
          mainiacjoe_overflow_cross_hatched, mainiacjoe_overflow_alcove_3,
          basic_ecumenical_altar
D:4:      layout_basic, mainiacjoe_overflow_24_doors, hangedman_decor_points,
          nicolae_stop_n_shop_1, uniq_pargi

Skill      XL: |  1  2  3  4 |
---------------+-------------+-----
Necromancy     | 5 |  5.9
Stealth        | 2 |  2.0
Spellcasting   | 3 |  3.5
Dodging        | 2 |  2.0
Fighting       | |  0.1
Short Blades   | |  0.2
Hexes          | |  0.1
Fire Magic     | |  0.1

Action                     |  1- 3 |  4- 6 || total
---------------------------+-------+-------++-------
  Melee: Unarmed           |     4 |       ||     4
         Dagger            |    26 |    11 ||    37
         Kick              |     2 |       ||     2
   Cast: Necrotise         |    57 |    24 ||    81
         Inner Flame       |       |     2 ||     2
         Animate Dead      |       |     2 ||     2
    Use: Potion            |     1 |     1 ||     2
 Armour: Robe              |    28 |    15 ||    43
  Dodge: Dodged            |    40 |    20 ||    60

Table legend: (Time is in decaauts)
 A = Elapsed time spent in this place.
 B = Non-inter-level travel time spent in this place.
 C = Inter-level travel time spent in this place.
 D = Time resting spent in this place.
 E = Time spent auto-exploring this place.
 F = Levels seen in this place.
 G = Mean time per level.
                   A        B        C        D        E       F      G
               +--------+--------+--------+--------+--------+-----+--------+
         Total |   3679 |   3467 |    212 |    273 |   2817 |   4 |  919.8 |
       Dungeon |   3679 |   3467 |    212 |    273 |   2817 |   4 |  919.8 |
               +--------+--------+--------+--------+--------+-----+--------+

Top non-repeatable levels by time:
     D:3: 1384 daAuts
     D:1: 1288 daAuts
     D:2: 969 daAuts
     D:4: 36 daAuts
